 Dungeon Crawl Stone Soup version 0.28-a0-537-g3bccd9ccbf (webtiles) character file.

Game seed: 14538836427352892044

1290 timneilson the Shield-Bearer (level 8, -4/48 HPs)
             Began as a Gargoyle Fighter on Sept 28, 2021.
             Slain by Blork the orc (13 damage)
             ... on level 6 of the Dungeon.
             The game lasted 00:07:31 (4259 turns).

timneilson the Shield-Bearer (Gargoyle Fighter)     Turns: 4259, Time: 00:07:31

Health: -4/48      AC:  0    Str: 22    XL:     8   Next: 55%
Magic:  8/8        EV: 19    Int:  9    God:
Gold:   276        SH:  0    Dex: 14    Spells: 7/7 levels left

rFire   + . .      SeeInvis .   (weapon currently unavailable)
rCold   + . .      Faith    .   (shield currently unavailable)
rNeg    + . .      Spirit   .   (armour currently unavailable)
rPois   ∞          Reflect  .   (helmet currently unavailable)
rElec   +          Harm     .   (cloak currently unavailable)
rCorr   +          Rampage  .   (gloves currently unavailable)
Will    .....                   (boots currently unavailable)
Stlth   +.........              f - amulet of regeneration
HPRegen 1.16/turn               (ring currently unavailable)
MPRegen 0.11/turn               (ring currently unavailable)

@: bat-form, resistant, flying, very quick
A: fast, flying, no casting, sickness immunity, AC +5, tiny, negative energy
resistance 1, (electricity resistance), torment resistance 1, petrification
resistance
a: no special abilities


You were on level 6 of the Dungeon.
You were a bat.
You visited 2 branches of the dungeon, and saw 7 of its levels.

You collected 276 gold pieces.

Inventory:

Hand Weapons
 a - a +1 long sword of electrocution
 o - a +3 scimitar of freezing (melded)
Armour
 b - a +0 scale mail (melded)
 c - a +0 buckler (melded)
 e - a +0 plate armour
 p - a +0 pair of gloves (melded)
Jewellery
 f - an amulet of regeneration (around neck)
 s - a +6 ring of intelligence
Wands
 k - a wand of digging (6)
 t - a wand of mindburst (12)
Scrolls
 g - a scroll of teleportation
 m - a scroll of amnesia
 r - a scroll of enchant weapon
Potions
 d - a potion of might
 h - a potion of flight
 i - a potion of magic
 j - a potion of brilliance
 l - a potion of lignification
 n - a potion of invisibility


   Skills:
 + Level 4.9 Fighting
 * Level 4.6 Long Blades
 * Level 6.1 Armour
 + Level 2.6 Dodging
 * Level 6.2 Shields
 + Level 2.4 Evocations


You had 7 spell levels left.
You didn't know any spells.
Your spell library contained the following spells:

 Spells                   Type           Power      Damage    Failure   Level
 Portal Projectile        Hex/Tloc       0%         N/A       77%         3
 Blade Hands              Tmut           0%         N/A       100%        5
 Excruciating Wounds      Necr           0%         N/A       100%        5


Dungeon Overview and Level Annotations

Branches:
Dungeon (6/15)             Temple (1/1) D:4

Altars:
Ashenzari
Cheibriados
Dithmenos
Elyvilon
Gozag
Hepliaklqana
Kikubaaqudgha
Makhleb
Nemelex Xobeh
Qazlal
Sif Muna
Trog
Uskayaw
Vehumet
Wu Jian
Xom
Yredelemnul
Zin
The Shining One

Shops:
D:1 (

Annotations:
D:6 Blork the orc


Innate Abilities, Weirdness & Mutations

You are a bat.
You are tiny and dextrous.
You move quickly.
You are flying.
Your equipment is almost entirely melded.
You are incapable of wielding weapons or throwing items.
You cannot cast spells.
You are immune to sickness and miasma.
((Your stone body is resilient. (AC +5)))
You are immune to poison.
You resist negative energy. (rN+)
((You are resistant to electric shocks. (rElec)))
You are resistant to unholy torment.
You are immune to petrification.


Message History

Blork the orc seems to speed up.
Blork the orc zaps a wand.
The wight hits you but does no damage.
Blork the orc looks encouraged for a moment.
The wight hits you but does no damage.
Blork the orc hits you from afar with a +0 halberd.
Blork the orc zaps a wand.
You resist with some effort. The wight hits you but does no damage.
Blork the orc miscasts a cantrip.
The wight hits you but does no damage.
Blork the orc zaps a wand.
You resist with some effort.
Blork the orc hits you but does no damage.
The wight barely misses you. You block Blork the orc's attack.
The wight hits you from afar with a +0 halberd!
Blork the orc hits you but does no damage.
Blork the orc zaps a wand.
You resist with some effort. The wight hits you but does no damage.
Blork the orc hits you from afar with a +0 halberd!
The wight hits you but does no damage.
Blork the orc hits you but does no damage.
You feel less wooden.
Your +0 pair of gloves unmelds from your body.
Your +0 scale mail unmelds from your body.
Blork the orc closely misses you.
The wight hits you from afar with a +0 halberd!
Blork the orc hits you with a +0 halberd.
The wight hits you but does no damage.
Blork the orc zaps a wand.
You turn into a bat.
Your +3 scimitar of freezing melds into your body.
Your +0 pair of gloves melds into your body.
Your +0 buckler melds into your body.
Your +0 scale mail melds into your body.
Your +3 scimitar of freezing stops glowing.
The now-empty wand crumbles to dust.
The wight hits you from afar with a +0 halberd!
* * * LOW HITPOINT WARNING * * *
Blork the orc completely misses you.
There is a stone staircase leading up here.
Blork the orc hits you from afar with a +0 halberd!
You die...

########## #........#
#........# ...
#........#....
#........#....
##########............
#.......##............
###.................##
#.........##>.z.b...#
..#.......##..o.....###
......................#.#
#.#####.######...........
. #...# #..#.##.###.#
###z###.##.# .# . #..##.
#.# .# ..#####..#. #.. #
.........#.###.


You could see Blork the orc (fast) and a wight.

Vanquished Creatures
  Prince Ribbit (D:5)
  A black bear (D:4)
  An ice beast (D:6)
  An ogre (D:4)
  A wyvern zombie (D:5)
  A water moccasin zombie (D:5)
  A killer bee (D:5)
  3 wights (D:5)
  2 howler monkeys
  4 hounds
  An orc priest (D:4)
  Jessica (D:2)
  3 iguanas
  2 orc wizards (D:4)
  7 adders
  A white imp (D:5)
  An ufetubus (D:5)
  2 worms
  A dart slug (D:3)
  12 orcs
  4 endoplasms
  4 goblins
  8 hobgoblins
  3 jackals (D:4)
  3 quokkas
  11 ball pythons
  A bat (D:2)
  4 frilled lizards
  4 giant cockroaches
  4 kobolds
  4 rats
97 creatures vanquished.

Vanquished Creatures (others)
  2 plants (D:4)
2 creatures vanquished.

Grand Total: 99 creatures vanquished

Notes
Turn   | Place    | Note
-------+----------+-------------------------------------------
     0 | D:1      | timneilson the Gargoyle Fighter began the quest for the
                  | Orb.
     0 | D:1      | Reached XP level 1. HP: 14/14 MP: 1/1
    34 | D:1      | Found a faded altar of an unknown god.
   271 | D:1      | Reached XP level 2. HP: 19/19 MP: 2/2
   284 | D:1      | Found Xanwyss's Weapon Emporium.
   809 | D:2      | Reached XP level 3. HP: 22/23 MP: 3/3
   839 | D:2      | Noticed Jessica
   841 | D:2      | Killed Jessica
   965 | D:2      | Reached XP level 4. HP: 28/28 MP: 4/4
  1664 | D:3      | Found a stormy altar of Qazlal.
  2126 | D:3      | Reached skill level 1 in Dodging
  2590 | D:4      | Reached XP level 5. HP: 33/33 MP: 5/5
  2805 | D:4      | Reached XP level 6. HP: 38/38 MP: 6/6
  2840 | D:4      | Found an ornate altar of the Wu Jian Council.
  2850 | D:4      | HP: 1/38 [orc priest/divine providence (10)]
  2925 | D:4      | Noticed a black bear
  2932 | D:4      | Killed a black bear
  2933 | D:4      | Reached skill level 1 in Evocations
  3040 | D:4      | Reached XP level 7. HP: 43/43 MP: 7/7
  3057 | D:4      | Reached skill level 5 in Shields
  3062 | D:4      | Reached skill level 5 in Armour
  3069 | D:4      | Found a staircase to the Ecumenical Temple.
  3097 | Temple   | Entered the Ecumenical Temple
  3475 | D:5      | Entered Level 5 of the Dungeon
  3629 | D:5      | Noticed Prince Ribbit
  3707 | D:5      | Killed Prince Ribbit
  3708 | D:5      | Reached XP level 8. HP: 36/48 MP: 8/8
  3773 | D:5      | Found a shimmering blue altar of Sif Muna.
  3780 | D:5      | Found a burning altar of Makhleb.
  3807 | D:5      | Found a glowing silver altar of Zin.
  3960 | D:5      | Found an opulent altar of Gozag.
  4185 | D:6      | Noticed Blork the orc
  4259 | D:6      | Slain by Blork the orc

Illustrated notes

Levels and vault maps discovered:
D:1:      ncdulo_smallfort, layout_loops_ring, basic_ecumenical_altar,
          serial_shops, nicolae_shop_stone
D:2:      layout_basic, uniq_jessica
D:3:      layout_basic, nicolae_qazlal_scattered_showers, serial_glass,
          glass_columns_c, glass_columns_c
D:4:      layout_basic, mainiacjoe_overflow_concentric_impassable,
          minmay_temple_entry_overgrown
D:5:      layout_rooms, pdpol_temple_overflow_zin_treasury_gozag_greed,
          mainiacjoe_overflow_big_doors, uniq_prince_ribbit1
D:6:      layout_rooms, minmay_bent, uniq_blork_the_orc
Temple:   dshaligram_water_room_temple

Skill      XL: |  1  2  3  4  5  6  7  8 |
---------------+-------------------------+-----
Long Blades    | 2 3 4 |  4.6
Shields        | 4 5 6 |  6.2
Armour         | 4 5 6 |  6.1
Dodging        | 1 2 |  2.6
Fighting       | 4 |  4.9
Evocations     | 1 2 |  2.4

Action                   |  1- 3 |  4- 6 |  7- 9 || total
-------------------------+-------+-------+-------++-------
Melee: Long sword        |    78 |   125 |    89 ||   292
       Scimitar          |       |       |    49 ||    49
Evoke: Wand              |       |       |     1 ||     1
  Use: Scroll            |     2 |     9 |     4 ||    15
       Potion            |       |     1 |     1 ||     2
Armor: Scale mail        |    41 |    78 |   118 ||   237
       Skin              |       |       |    20 ||    20
Dodge: Dodged            |    32 |    61 |   113 ||   206
Block: Buckler           |    17 |    29 |    50 ||    96

Table legend: (Time is in decaauts)
 A = Elapsed time spent in this place.
 B = Non-inter-level travel time spent in this place.
 C = Inter-level travel time spent in this place.
 D = Time resting spent in this place.
 E = Time spent auto-exploring this place.
 F = Levels seen in this place.
 G = Mean time per level.
                   A        B        C        D        E       F      G
               +--------+--------+--------+--------+--------+-----+--------+
         Total |   4347 |   4164 |    183 |     67 |   3145 |   7 |  621.0 |
       Dungeon |   4214 |   4053 |    161 |     67 |   3045 |   6 |  702.3 |
        Temple |    132 |    110 |     22 |      0 |    100 |   1 |  132.0 |
               +--------+--------+--------+--------+--------+-----+--------+

Top non-repeatable levels by time:
     D:3: 971 daAuts
     D:2: 878 daAuts
     D:4: 783 daAuts
     D:1: 771 daAuts
     D:5: 707 daAuts
  Temple: 132 daAuts
     D:6: 102 daAuts
